 Dungeon Crawl Stone Soup version 0.23.2-1-ga50397a (webtiles) character file.

Game seed: 7083456329801821163

1757 schauveau the Archer (level 8, -2/69 HPs)
             Began as a Centaur Hunter on Apr 25, 2019.
             Shot with an arrow by a centaur (10 damage)
             ... on level 7 of the Dungeon.
             The game lasted 00:11:48 (5014 turns).

schauveau the Archer (Centaur Hunter)               Turns: 5014, Time: 00:11:49

Health: -2/69      AC:  4    Str: 15    XL:     8   Next: 79%
Magic:  8/8        EV: 10    Int: 10    God:
Gold:   218        SH:  0    Dex: 12    Spells: 7/7 levels left

rFire    . . .     SeeInvis .   a - +1 shortbow
rCold    . . .     Gourm    .   (shield currently unavailable)
rNeg     . . .     Faith    .   e - +0 leather armour (curse)
rPois    .         Spirit   .   (no helmet)
rElec    .         Reflect  .   (no cloak)
rCorr    .         Harm     .   (no gloves)
MR       .....                  (no barding)
Stlth    +.........             (no amulet)
HPRegen  0.21/turn              (no ring)
MPRegen  0.11/turn              (no ring)

@: very quick
A: large, hooves 3, deformed body, speed 2, tough skin 3
a: no special abilities


You were on level 7 of the Dungeon.
You were not hungry.

You visited 1 branch of the dungeon, and saw 7 of its levels.

You collected 218 gold pieces.

Inventory:

Hand Weapons
 a - a +1 shortbow (weapon)
 b - a +0 short sword
Missiles
 d - 40 arrows (quivered)
 m - 7 tomahawks
Armour
 e - a cursed +0 leather armour (worn)
Scrolls
 c - 2 scrolls of remove curse
 h - 8 scrolls of identify
 i - 3 scrolls of teleportation {unknown}
 j - a scroll of enchant weapon {unknown}
 k - 2 scrolls of enchant armour
 n - a scroll of acquirement {unknown}
 r - a scroll of holy word {unknown}
 s - a scroll of immolation {unknown}
 t - a scroll of fog {unknown}
 u - 2 scrolls of amnesia {unknown}
Potions
 g - 2 potions of haste {unknown}
 l - a potion of berserk rage {unknown}
 o - a potion of degeneration
 p - a potion of might {unknown}
 q - 2 potions of flight {unknown}
 v - a potion of mutation {unknown}
 x - a potion of brilliance {unknown}
 z - a potion of curing
Comestibles
 f - 7 rations


   Skills:
 + Level 5.4 Fighting
 + Level 0.3 Short Blades
 + Level 12.0 Bows
 + Level 0.1 Throwing
 + Level 2.9 Armour
 + Level 2.5 Dodging
 + Level 0.9 Stealth


You had 7 spell levels left.
You didn't know any spells.
Your spell library was empty.

Dungeon Overview and Level Annotations

Branches:
Dungeon (7/15)
 Temple: D:4-7

Altars:
Gozag
Xom

Annotations:
D:2 Sigmund


Innate Abilities, Weirdness & Mutations

You have hooves in place of feet.
Armour fits poorly on your strangely shaped body.
You cover ground very quickly.
You have extremely tough skin. (AC +3)


Message History

Press: ? - help, Shift-Dir - straight line, f/p - centaur
Aim: a centaur, wielding a +0 shortbow You shoot an arrow.
The arrow closely misses the centaur.
The centaur shoots an arrow.
The arrow hits you.
* * * LOW HITPOINT WARNING * * *
Firing (i - inventory. (/) - cycle)
d - 42 arrows (quivered)
Press: ? - help, Shift-Dir - straight line, f/p - centaur
Aim: a centaur, wielding a +0 shortbow You shoot an arrow.
The arrow hits the centaur!
The centaur is moderately wounded.
The centaur shoots an arrow.
The arrow hits you!
* * * LOW HITPOINT WARNING * * *
Firing (i - inventory. (/) - cycle)
d - 41 arrows (quivered)
Press: ? - help, Shift-Dir - straight line, f/p - centaur
Aim: a centaur, wielding a +0 shortbow (moderately wounded)
You shoot an arrow.
The arrow hits the centaur but does no damage.
The centaur is moderately wounded.
The centaur shoots an arrow.
The arrow hits you!
You die...

#####.#
#..>..######..
#....#........
##...+........
##...#........
#....#........
#....#......##
#....#......#
#..@.########
#...(......
#....(.....
#....(.....
#....(.....
#..........
#....(((...
#.c........


You could see a centaur.

Vanquished Creatures
  Prince Ribbit (D:5)
  Duvessa (D:5)
  An ice beast (D:7)
  A sky beast (D:6)
  A centaur (D:5)
  A phantom (D:5)
  An ogre (D:4)
  A bullfrog (D:6)
  A wyvern zombie (D:6)
  A scorpion (D:6)
  A water moccasin skeleton (D:4)
  Dowan (D:5)
  7 wights
  3 hounds
  A jelly (D:6)
  2 orc priests (D:6)
  Natasha (thrice) (D:4)
  4 orc wizards
  2 worker ants
  A hound zombie (D:5)
  4 gnolls (D:5)
  An ooze (D:6)
  A leopard gecko (D:5)
  10 orcs
  A giant cockroach (D:5)
  3 goblins
  3 jackals (D:2)
  3 quokkas
  A ball python (D:5)
  3 bats
  A jackal skeleton (D:6)
66 creatures vanquished.

Notes
Turn   | Place    | Note
-------+----------+-------------------------------------------
     0 | D:1      | schauveau the Centaur Hunter began the quest for the Orb.
     0 | D:1      | Reached XP level 1. HP: 17/17 MP: 1/1
   293 | D:2      | Found a faded altar of an unknown god.
   547 | D:2      | Noticed Sigmund
   554 | D:2      | Reached XP level 2. HP: 24/24 MP: 2/2
   767 | D:4      | HP: 1/24 [hound (3)]
   778 | D:4      | Reached skill level 6 in Bows
   778 | D:4      | Reached skill level 1 in Armour
   778 | D:4      | Reached XP level 3. HP: 6/29 MP: 3/3
  1135 | D:4      | Noticed Natasha
  1146 | D:4      | Killed Natasha
  1759 | D:4      | Reached XP level 4. HP: 36/36 MP: 4/4
  1787 | D:4      | Found an opulent altar of Gozag.
  1787 | D:4      | Noticed Natasha
  1803 | D:4      | Killed Natasha
  1803 | D:4      | Reached skill level 7 in Bows
  1803 | D:4      | Reached XP level 5. HP: 23/42 MP: 5/5
  1812 | D:4      | Noticed an ogre
  1822 | D:4      | Killed an ogre
  1883 | D:4      | Noticed Natasha
  1885 | D:4      | Killed Natasha
  1923 | D:4      | Reached XP level 6. HP: 38/50 MP: 6/6
  2214 | D:5      | Entered Level 5 of the Dungeon
  2214 | D:5      | Noticed Duvessa
  2214 | D:5      | Noticed Dowan
  2292 | D:5      | Found a shimmering altar of Xom.
  2298 | D:5      | Reached skill level 8 in Bows
  2434 | D:5      | Reached XP level 7. HP: 26/57 MP: 7/7
  2831 | D:5      | Noticed Prince Ribbit
  3144 | D:6      | Reached skill level 9 in Bows
  3809 | D:6      | Reached skill level 10 in Bows
  3998 | D:6      | Reached XP level 8. HP: 34/67 MP: 8/8
  4426 | D:5      | Killed Prince Ribbit
  4426 | D:5      | Reached skill level 11 in Bows
  4674 | D:5      | Killed Dowan
  4711 | D:5      | Killed Duvessa
  4711 | D:5      | Reached skill level 5 in Fighting
  5003 | D:7      | Reached skill level 12 in Bows
  5014 | D:7      | Shot with an arrow by a centaur

Skill      XL: |  1  2  3  4  5  6  7  8 |
---------------+-------------------------+-----
Bows           | 6 7 8 10 12 | 12.0
Armour         | 1 2 |  2.9
Fighting       | 3 4 5 |  5.4
Dodging        | 2 |  2.5
Short Blades   | |  0.3
Throwing       | |  0.1
Stealth        | |  0.9

Action                   |  1- 3 |  4- 6 |  7- 9 || total
-------------------------+-------+-------+-------++-------
Melee: Short sword       |    33 |       |     8 ||    41
       Kick              |     4 |       |     2 ||     6
 Fire: Shortbow          |    41 |    78 |   281 ||   400
Throw: Tomahawk          |       |       |     1 ||     1
  Use: Potion            |     1 |       |     3 ||     4
       Scroll            |       |       |     2 ||     2
  Eat: Ration            |     1 |       |     1 ||     2
       Chunk             |       |       |     3 ||     3
Armor: Leather armour    |    36 |     6 |    19 ||    61
Dodge: Dodged            |    29 |    12 |    57 ||    98
